 Dungeon Crawl Stone Soup version coffee-0.2.0 (webtiles) character file.

Game seed: 16969234823311296993, levelgen mode: deterministic

226 Dorkslayer the Skirmisher (level 5, -4/48 HPs)
             Began as a Minotaur Fighter on Oct 21, 2020.
             Was an Initiate of Okawaru.
             Slain by an ogre
             ... wielding a +0 giant club
              (17 damage)
             ... on level 3 of the Dungeon on Oct 22, 2020.
             The game lasted 00:08:02 (2575 turns).

Dorkslayer the Skirmisher (Minotaur Fighter)        Turns: 2575, Time: 00:08:02

Health: -4/48      AC: 10    Str: 21    XL:     5   Next: 69%
Magic:  4/4        EV:  8    Int:  5    God:    Okawaru [......]
Gold:   159        SH: 10    Dex: 10    Spells: 4/4 levels left

rFire    + . .     SeeInvis .   a - +0 long sword
rCold    + . .     Gourm    +   c - +0 kite shield
rNeg     . . .     Faith    .   v - +0 chain mail
rPois    .         Spirit   .   (helmet restricted)
rElec    .         Reflect  .   (no cloak)
rCorr    .         Harm     .   (no gloves)
MR       .....                  (no boots)
Stlth    ..........             u - amulet of the gourmand
HPRegen  0.16/turn              e - ring of protection from fire
MPRegen  0.09/turn              p - ring of protection from cold

@: no status effects
A: retaliatory headbutt, horns 2
a: Renounce Religion


You were on level 3 of the Dungeon.
You worshipped Okawaru.
Okawaru was noncommittal.
You were completely stuffed.

You visited 2 branches of the dungeon, and saw 4 of its levels.

You collected 159 gold pieces.

Inventory:

Hand Weapons
 a - a +0 long sword (weapon)
Missiles
 b - 7 boomerangs (quivered)
 j - 15 poisoned darts
Armour
 c - a +0 kite shield (worn)
 v - a +0 chain mail (worn)
Jewellery
 e - a ring of protection from fire (left hand)
 p - a ring of protection from cold (right hand)
 u - an amulet of the gourmand (around neck)
Scrolls
 k - a scroll of blinking
 n - a scroll of teleportation
 o - 2 scrolls of magic mapping
 q - 2 scrolls of enchant weapon
 r - 2 scrolls of remove curse
 s - a scroll of fog
 t - a scroll of enchant armour
Potions
 d - a potion of might
 h - 2 potions of invisibility
 i - a potion of mutation
 l - a potion of curing
 m - 2 potions of heal wounds
Miscellaneous
 w - a lightning rod (4/4)
Comestibles
 f - 5 rations
 g - a chunk of flesh


   Skills:
 + Level 5.2(6.8) Fighting
 + Level 4.3 Long Blades
 + Level 1.2 Throwing
 + Level 4.5(6.4) Armour
 + Level 1.0(4.9) Dodging
 + Level 0.1(4.0) Stealth
 + Level 4.4(6.4) Shields


You had 4 spell levels left.
You didn't know any spells.
Your spell library was empty.

Dungeon Overview and Level Annotations

Branches:
Dungeon (3/10)             Temple (1/1) D:2

Altars:
Cheibriados
Fedhas
Hepliaklqana
Kikubaaqudgha
Makhleb
Nemelex Xobeh
Okawaru
Qazlal
Sif Muna
Trog
Wu Jian
Xom
Yredelemnul
Zin
The Shining One


Innate Abilities, Weirdness & Mutations

You reflexively headbutt those who attack you in melee.
You have a pair of horns on your head.


Message History

Your base Dodging skill increases to level 1!
You see here a +0 club.
You hit the ogre.
The ogre is lightly wounded.
The ogre hits you with a +0 giant club!
You hit the ogre but do no damage.
The ogre is lightly wounded.
The ogre hits you with a +0 giant club!
You slash the ogre!
The ogre is moderately wounded.
The ogre closely misses you.
You closely miss the ogre. Your headbutt misses the ogre.
The ogre is moderately wounded.
The ogre hits you with a +0 giant club!
* * * LOW HITPOINT WARNING * * *
You slash the ogre!
You headbutt the ogre, but do no damage.
The ogre is almost dead.
The ogre hits you with a +0 giant club!
You die...

#.#
#.###..#....##.#
#.# #.#
#..#######.# #.#
#.###..### #.#
#.# #........#
..# #.#
#####..#.# ###
#.# #..#รท#
#.##########..#.#
#..........#..#.#
##########@#..#.#
#O####.# #.# ..#
#.# ### #.# #..
#.# ###


You could see an ogre.

Vanquished Creatures
  A hound (D:3)
  A worker ant zombie (D:3)
  4 gnolls (D:3)
  5 adders
  2 worms
  3 dart slugs
  4 leopard geckos
  10 orcs (D:3)
  A ball python (D:3)
  8 bats
  2 giant cockroaches (D:2)
  7 goblins
  4 hobgoblins
  7 jackals (D:1)
  10 kobolds
  6 frilled lizards
  6 rats
81 creatures vanquished.

Vanquished Creatures (others)
  7 toadstools (D:1)
7 creatures vanquished.

Grand Total: 88 creatures vanquished

Notes
Turn   | Place    | Note
-------+----------+-------------------------------------------
     0 | D:1      | Dorkslayer the Minotaur Fighter began the quest for the
                  | Orb.
     0 | D:1      | Reached XP level 1. HP: 19/19 MP: 0/0
   142 | D:1      | Reached XP level 2. HP: 27/27 MP: 1/1
   155 | D:1      | Reached skill level 4 in Fighting
   462 | D:1      | Reached XP level 3. HP: 33/33 MP: 2/2
  1202 | D:2      | Found a shimmering blue altar of Sif Muna.
  1231 | D:2      | Found a burning altar of Makhleb.
  1234 | D:2      | Found a staircase to the Ecumenical Temple.
  1254 | Temple   | Entered the Ecumenical Temple
  1299 | Temple   | Became a worshipper of Warmaster Okawaru
  1357 | D:2      | Reached XP level 4. HP: 38/41 MP: 3/3
  1391 | D:2      | Found a glowing silver altar of Zin.
  1868 | D:3      | Found a stormy altar of Qazlal.
  1869 | D:3      | Found a snail-covered altar of Cheibriados.
  1904 | D:3      | Reached XP level 5. HP: 15/47 MP: 4/4
  2284 | D:3      | Reached skill level 1 in Throwing
  2289 | D:3      | Reached skill level 5 in Fighting
  2567 | D:3      | Noticed an ogre
  2569 | D:3      | Reached skill level 1 in Dodging
  2575 | D:3      | Slain by an ogre

Levels and vault maps discovered:
D:1:      nagdon_arrival_double_spiral, layout_basic, lemuel_old_faithful
D:2:      layout_basic, kennysheep_little_box, lemuel_doored_altar,
          kennysheep_mini, minmay_temple_entry_trees
D:3:      layout_basic, chequers_temple_overflow_statue_of_worship,
          first_ration, uniq_crazy_yiuf_cottage
Temple:   cyrus_temple_forest

Skill      XL: |  1  2  3  4  5 |
---------------+----------------+-----
Fighting       | 4 5 |  5.2
Armour         | 4 |  4.5
Shields        | 4 |  4.4
Long Blades    | 3 4 |  4.3
Throwing       | 1 |  1.2
Dodging        | 1 |  1.0
Stealth        | |  0.1

Action                   |  1- 3 |  4- 6 || total
-------------------------+-------+-------++-------
Melee: Long sword        |    76 |    96 ||   172
       Headbutt          |    12 |    20 ||    32
Throw: Dart              |     3 |    20 ||    23
  Eat: Ration            |     1 |       ||     1
       Chunk             |       |    17 ||    17
Armor: Scale mail        |    25 |    15 ||    40
       Chain mail        |       |    17 ||    17
Dodge: Dodged            |    43 |    29 ||    72
Block: Kite shield       |    44 |    44 ||    88
       Rpst.: Long sword |    17 |     7 ||    24
